 Dungeon Crawl Stone Soup version 0.28.0-53-g5a82cb258f (webtiles) character file.

Game seed: 15329260711398506602

1489 safid the Cleaver (level 8, -1/66 HPs)
             Began as a Hill Orc Fighter on Aug 9, 2022.
             Slain by a shadow (4 damage)
             ... on level 6 of the Dungeon.
             The game lasted 00:09:47 (6168 turns).

safid the Cleaver (Hill Orc Fighter)                Turns: 6168, Time: 00:09:47

Health: -1/66      AC:  9    Str: 21    XL:     8   Next: 80%
Magic:  8/8        EV:  9    Int:  8    God:
Gold:   283        SH:  4    Dex: 10    Spells: 7/7 levels left

rFire   . . .      SeeInvis .   a - +0 war axe
rCold   . . .      Faith    .   c - +0 buckler
rNeg    . . .      Spirit   .   b - +0 scale mail
rPois   .          Reflect  .   z - +0 helmet
rElec   .          Harm     .   D - +0 cloak
rCorr   .          Rampage  .   (no gloves)
Will    +....                   (no boots)
Stlth   ..........              (no amulet)
HPRegen 0.21/turn               g - ring of willpower
MPRegen 0.11/turn               (no ring)

@: no status effects
A: no striking features
a: no special abilities


You were on level 6 of the Dungeon.
You visited 1 branch of the dungeon, and saw 6 of its levels.
You also visited: Ossuary.

You collected 373 gold pieces.
You spent 90 gold pieces at shops.

Inventory:

Hand Weapons
 a - a +0 war axe (weapon)
Armour
 b - a +0 scale mail (worn)
 c - a +0 buckler (worn)
 z - a +0 helmet (worn)
 D - a +0 cloak (worn)
Jewellery
 g - a ring of willpower (left hand)
Wands
 n - a wand of acid (11)
 q - a wand of polymorph (1)
Scrolls
 i - 3 scrolls of teleportation
 j - 3 scrolls of fear
 k - 2 scrolls of enchant weapon
 r - a scroll of brand weapon
 t - 2 scrolls of immolation
 w - a scroll of vulnerability {unknown}
 y - a scroll of summoning {unknown}
 A - 2 scrolls of enchant armour {unknown}
 B - a scroll of blinking {unknown}
 C - a scroll of noise {unknown}
Potions
 d - 2 potions of might
 f - 2 potions of curing
 h - a potion of magic
 l - 4 potions of heal wounds
 m - 2 potions of flight
 o - 2 potions of degeneration
 p - a potion of invisibility {unknown}
 s - a potion of experience {unknown}
 u - a potion of cancellation {unknown}
 v - a potion of haste {unknown}
 x - 3 potions of brilliance {unknown}


   Skills:
 - Level 4.0 Fighting
 + Level 13.3 Axes
 - Level 4.0 Armour
 - Level 4.0 Shields


You had 7 spell levels left.
You didn't know any spells.
Your spell library was empty.

Dungeon Overview and Level Annotations

Branches:
Dungeon (6/15)             Temple (0/1) D:6         Ossuary (visited)

Altars:
Ashenzari
Elyvilon
Fedhas
Trog

Shops:
D:1 **?([   D:4 *(

Annotations:
D:5 2 transporters, lotum's ghost, weakling TrDe


Message History

No target in view!
No target in view!
No target in view!
No target in view!
No target in view!
No target in view!
No target in view!
You hit something but do no damage.
The shadow strikes at you from the darkness!
Reactivating autopickup.
You hit the shadow.
The shadow is lightly damaged.
The shadow hits you.
You closely miss the shadow.
The shadow is lightly damaged.
The shadow barely misses you.
You closely miss the shadow.
The shadow is lightly damaged.
The shadow hits you.
You closely miss the shadow.
The shadow is lightly damaged.
The shadow hits you!
You hit the shadow but do no damage.
The shadow is lightly damaged.
The shadow hits you!
* * * LOW HITPOINT WARNING * * *
You hit the shadow but do no damage.
The shadow is lightly damaged.
The shadow hits you.
* * * LOW HITPOINT WARNING * * *
You barely miss the shadow.
The shadow is lightly damaged.
You barely miss the shadow.
The shadow is lightly damaged.
The shadow hits you!
* * * LOW HITPOINT WARNING * * *
You barely miss the shadow.
The shadow is lightly damaged.
The shadow hits you.
You die...

######### #.# #.#
#.# ###.#
#####...##
.........########
#####............
##...##.#####
#..@## #
#.#W....#
#....#.#..#
.....##.# .#
..#.#. # #.##/##
# #


You could see a shadow.

Vanquished Creatures
  Grinder (D:3)
  Menkaure (D:6)
  A black bear (D:6)
  A necrophage (D:5)
  A phantom (D:5)
  A bullfrog (D:6)
  2 scorpions
  2 water moccasin zombies (Ossuary)
  2 wights (D:6)
  A centaur zombie (D:6)
  A bullfrog zombie (D:5)
  2 jellies
  A centaur skeleton (D:5)
  Jessica (D:2)
  An iguana (D:6)
  An orc wizard (D:6)
  A scorpion zombie (D:5)
  2 mummies (Ossuary)
  7 gnolls
  9 adders
  A howler monkey skeleton (D:4)
  2 white imps
  5 adder zombies (Ossuary)
  5 worms
  A dart slug (D:3)
  4 orcs (D:6)
  11 endoplasms
  2 giant cockroaches (D:4)
  3 gnoll zombies (Ossuary)
  7 goblins
  8 hobgoblins
  3 jackals (D:2)
  2 ball pythons
  5 bats
  A frilled lizard (D:3)
  5 hobgoblin zombies (Ossuary)
  9 kobolds
  3 kobold zombies (Ossuary)
  10 orc zombies (Ossuary)
  4 rats
130 creatures vanquished.

Notes
Turn   | Place    | Note
-------+----------+-------------------------------------------
     0 | D:1      | safid the Hill Orc Fighter began the quest for the Orb.
     0 | D:1      | Reached XP level 1. HP: 19/19 MP: 1/1
     6 | D:1      | Found Qifamm's Magic Scroll Shop.
    68 | D:1      | Found Delutinn's Assorted Antiques.
    93 | D:1      | Found Nuheydot's Weapon Boutique.
   230 | D:1      | Found Amufueqy's Armour Shoppe.
   397 | D:1      | Found Ughed's General Store.
   417 | D:1      | Reached XP level 2. HP: 27/27 MP: 2/2
   424 | D:1      | Reached skill level 3 in Axes
   642 | D:1      | Bought a scroll of teleportation for 30 gold pieces
   642 | D:1      | Bought a scroll of identify for 20 gold pieces
   642 | D:1      | Bought a scroll of identify for 20 gold pieces
   695 | D:2      | Reached XP level 3. HP: 25/33 MP: 3/3
   723 | D:1      | Bought a scroll of identify for 20 gold pieces
  1035 | D:2      | Noticed Jessica
  1048 | D:2      | Killed Jessica
  1049 | D:2      | Reached skill level 4 in Axes
  1049 | D:2      | Reached XP level 4. HP: 38/40 MP: 4/4
  1628 | D:2      | Reached skill level 5 in Axes
  1662 | D:1      | Reached XP level 5. HP: 18/46 MP: 5/5
  2355 | D:3      | Reached skill level 6 in Axes
  2541 | D:3      | Found a white marble altar of Elyvilon.
  2543 | D:3      | Found a bloodstained altar of Trog.
  2545 | D:3      | Found a broken altar of Ashenzari.
  2545 | D:3      | Found a blossoming altar of Fedhas.
  2595 | D:3      | Found a faded altar of an unknown god.
  3127 | D:3      | Noticed Grinder
  3145 | D:3      | Paralysed by Grinder for 2 turns
  3166 | D:3      | Paralysed by Grinder for 2 turns
  3171 | D:3      | Killed Grinder
  3172 | D:3      | Reached skill level 8 in Axes
  3172 | D:3      | Reached XP level 6. HP: 25/52 MP: 6/6
  3587 | D:4      | Reached skill level 9 in Axes
  3587 | D:4      | Reached XP level 7. HP: 53/59 MP: 7/7
  3668 | D:4      | Found Ynay's CLEARANCE SALE!.
  3899 | D:4      | Identified the +1 ring mail of Mumblety Peg {rPois rC+
                  | Int-5 Dex+4}
  3944 | D:4      | Found Ucood's Antique Weapon Boutique.
  4171 | D:5      | Entered Level 5 of the Dungeon
  4193 | D:5      | Noticed lotum's ghost (weakling TrDe)
  4377 | D:5      | Found a sand-covered staircase.
  4387 | Ossuary  | Entered an ossuary
  4457 | Ossuary  | Reached skill level 10 in Axes
  4751 | D:5      | Found a transporter.
  4808 | D:5      | Reached skill level 11 in Axes
  4808 | D:5      | Reached XP level 8. HP: 66/66 MP: 8/8
  5371 | D:5      | Found a transporter.
  5502 | D:6      | Reached skill level 12 in Axes
  5773 | D:6      | Found a staircase to the Ecumenical Temple.
  5880 | D:6      | Noticed Menkaure
  5888 | D:6      | HP: 2/66 [black bear (3)]
  5894 | D:6      | Killed Menkaure
  5895 | D:6      | Reached skill level 13 in Axes
  6151 | D:6      | Noticed a shadow
  6167 | D:6      | HP: 3/66 [shadow (10)]
  6168 | D:6      | Slain by a shadow

Illustrated notes

Levels and vault maps discovered:
D:1:      amcnicky_arrival_choice, layout_rooms, serial_shops, shop, shop, shop,
          shop, nicolae_shop_advertising_works [nicolae_subvault_shop_adworks],
          grunt_decor_resistance
D:2:      layout_basic, serial_glass, glass_columns_a, glass_columns_a,
          glass_columns_a, glass_columns_c, glass_columns_a, glass_columns_a,
          minmay_strange_pillars, feat_on_display, item_on_display_a,
          nicolae_concentric_dashed_squares_wild, uniq_jessica
D:3:      layout_basic, grunt_temple_overflow_open,
          shapermc_ecumenical_altar_notcrosses,
          minmay_fractal_squares_gapless_5, uniq_grinder
D:4:      layout_basic, serial_shops, kennysheep_mini, minmay_misc_feat_five,
          chequers_serial_rivers_small_3, nicolae_shop_clearance
D:5:      layout_basic, gammafunk_ghost_stat_death, chequers_ossuary_entry_cave,
          kennysheep_boxes
D:6:      layout_loops_corners, minmay_temple_entry_arrows,
          grunt_decor_junction, minmay_between, uniq_menkaure, uniq_maggie

Skill      XL: |  1  2  3  4  5  6  7  8 |
---------------+-------------------------+-----
Axes           | 3 4 5 8 9 11 13 | 13.3
Fighting       | 4 |  4.0
Armour         | 4 |  4.0
Shields        | 4 |  4.0

Action                   |  1- 3 |  4- 6 |  7- 9 || total
-------------------------+-------+-------+-------++-------
Melee: War axe           |    64 |   164 |   228 ||   456
       Unarmed           |       |    24 |       ||    24
  Use: Scroll            |       |       |     9 ||     9
       Potion            |       |       |     1 ||     1
Armor: Scale mail        |    29 |    56 |    75 ||   160
       Skin              |       |     2 |       ||     2
Dodge: Dodged            |    28 |    82 |    69 ||   179
Block: Buckler           |    13 |    30 |    33 ||    76
